 Dungeon Crawl Stone Soup version 0.26.0-10-g1f06aea511 (webtiles) character file.

Game seed: 5371987714800265187

60 Borgoz the Slasher (level 4, -3/37 HPs)
             Began as a Ghoul Gladiator on Jan 30, 2021.
             Killed from afar by Natasha (7 damage)
             ... with a magic dart
             ... on level 2 of the Dungeon.
             The game lasted 00:02:16 (1420 turns).

Borgoz the Slasher (Ghoul Gladiator)                Turns: 1420, Time: 00:02:16

Health: -3/37      AC:  5    Str: 16 (17) XL:     4   Next: 6%
Magic:  3/3        EV: 12    Int:  0 (3)  God:
Gold:   59         SH:  0    Dex: 10 (11) Spells: 3/3 levels left

rFire    . . .     SeeInvis .   a - +0 long sword
rCold    + . .     Faith    .   (no shield)
rNeg     + + +     Spirit   .   b - +0 leather armour
rPois    ∞         Reflect  .   c - +0 helmet
rElec    .         Harm     .   (no cloak)
rCorr    .         Rampage  .   (no gloves)
Will     .....                  h - +0 pair of boots
Stlth    ..........             (no amulet)
HPRegen  0.00/turn              k - ring of attention (curse)
MPRegen  0.08/turn              (no ring)

@: slowed, lost intelligence, very slow
A: claws 1, cold resistance 1, negative energy resistance 3, inhibited
regeneration, torment resistance, unbreathing
a: no special abilities


You were on level 2 of the Dungeon.
You visited 1 branch of the dungeon, and saw 2 of its levels.

You collected 59 gold pieces.

Inventory:

Hand Weapons
 a - a +0 long sword (weapon)
Armour
 b - a +0 leather armour (worn)
 c - a +0 helmet (worn)
 h - a +0 pair of boots (worn)
Jewellery
 k - a cursed ring of attention (left claw)
Scrolls
 e - 4 scrolls of identify {unknown}
 g - 2 scrolls of remove curse {unknown}
 i - a scroll of blinking {unknown}
 j - a scroll of enchant weapon {unknown}


   Skills:
 + Level 2.8 Fighting
 * Level 3.4 Long Blades
 - Level 1.7 Throwing
 + Level 1.1 Armour
 + Level 3.1 Dodging


You had 3 spell levels left.
You didn't know any spells.
Your spell library was empty.

Dungeon Overview and Level Annotations

Branches:
Dungeon (2/15)

Altars:

Annotations:
D:2 Natasha


Innate Abilities, Weirdness & Mutations

You thrive by killing the living.
You are immune to poison.
You have sharp fingernails.
Your flesh is cold resistant. (rC+)
You are immune to negative energy. (rN+++)
You do not regenerate when monsters are visible.
You are immune to unholy pain and torment.
You can survive without breathing.


Message History

You feel clumsy. Natasha claws you.
The shadow imp hits you but does no damage.
Natasha claws you. The shadow imp hits you. Natasha claws you.
The shadow imp hits you.
You can move again.
You barely miss Natasha.
Natasha is moderately wounded.
Natasha claws you.
* * * LOW HITPOINT WARNING * * *
The shadow imp hits you but does no damage.
The shadow imp hits you.
* * * LOW HITPOINT WARNING * * *
Natasha barely misses you.
You riposte.
You hit Natasha.
Natasha is severely wounded.
You hit Natasha.
Natasha is severely wounded.
Natasha casts a spell at you. The magic dart hits you!
You die...

...... ..... #.#.# ...
###.#.# #.# ......# ##)#
##...## #..# ##.....## #
.†## ##.......## ...
..####.........####.....
.....'.....)...5@h..(..(
..####......<..####.....
..#####.......## ##.
...†.###.....## #.##.#
##...## #.##.# ##'##
#.##.# #.# .....# #.#
#.#### ##)##


You could see Natasha and a shadow imp (summoned).

Vanquished Creatures
  Natasha (D:2)
  2 worms (D:2)
  A dart slug (D:1)
  2 bats (D:1)
  2 giant cockroaches
  3 goblins
  3 hobgoblins
  2 jackals (D:1)
  2 ball pythons
  6 kobolds
  4 rats
28 creatures vanquished.

Notes
Turn   | Place    | Note
-------+----------+-------------------------------------------
     0 | D:1      | Borgoz the Ghoul Gladiator began the quest for the Orb.
     0 | D:1      | Reached XP level 1. HP: 17/17 MP: 0/0
   145 | D:1      | Reached XP level 2. HP: 22/25 MP: 1/1
   839 | D:2      | Noticed Natasha
   848 | D:2      | Killed Natasha
   849 | D:2      | Reached skill level 1 in Armour
   849 | D:2      | Reached XP level 3. HP: 20/30 MP: 2/2
  1243 | D:2      | Reached XP level 4. HP: 20/37 MP: 3/3
  1408 | D:2      | Noticed Natasha
  1416 | D:2      | Lost intelligence.
  1420 | D:2      | Killed from afar by Natasha

Illustrated notes

Levels and vault maps discovered:
D:1:      minmay_arrival_jagged, layout_loops_ring
D:2:      layout_loops_corners, marbit_many_paths, lemuel_doored_altar,
          minmay_crystal_water, uniq_natasha

Skill      XL: |  1  2 |
---------------+-------+-----
Long Blades    | 3 |  3.4
Armour         | 1 |  1.1
Dodging        | 3 |  3.1
Fighting       | |  2.8
Throwing       | |  1.7

Action                   |  1- 3 |  4- 6 || total
-------------------------+-------+-------++-------
Melee: Long sword        |    91 |     5 ||    96
Throw: Throwing net      |     1 |     2 ||     3
  Use: Potion            |       |     1 ||     1
 Stab: Held in net/web   |     2 |       ||     2
Armor: Leather armour    |    19 |     5 ||    24
Dodge: Dodged            |    59 |     4 ||    63
       Rpst.: Long sword |    18 |     1 ||    19
